[Event "GER-ch Youth-U14w 2022"]
[Site "Willingen"]
[Date "2022.06.10"]
[Round "8.4"]
[White "Bezsonna, Polina"]
[Black "Müller, Cosima"]
[Result "1-0"]
[ECO "B35"]
[WhiteElo "1511"]
[BlackElo "1389"]
[Annotator "NA RC COMBH"]
[PlyCount "73"]
[EventDate "2022.06.05"]
[EventType "swiss"]
[EventRounds "9"]
[EventCountry "GER"]
[SourceTitle "playchess.com"]
[Source "ChessBase"]
[SourceQuality "1"]
[TimeControl "40/4500+30:900+30"]

1. e4 c5 2. Nf3 Nc6 3. d4 cxd4 4. Nxd4 g6 5. Nc3 Bg7 6. Be3 Nf6 7. Bc4 O-O 8. Bb3 d6 9. f3 Bd7 10. Qd2 Rc8 11. O-O-O Ne5 12. h4 h5 13. Bh6 Nc4 14. Bxc4 Rxc4 15. Bxg7 Kxg7 16. g4 Qa5 17. Nb3 Qb6 18. e5 dxe5 19. g5 Ba4 20. gxf6+ exf6 21. Nxa4 Rxa4 22. Kb1 Rc8 23. Rh2 a5 24. a3 Rac4 25. Qxa5 Qc6 26. Rc1 Qxf3 27. Nd2 Qf4 28. Nxc4 Qxh2 29. Nd6 Rf8 30. Qb4 b6 31. Qxb6 Qxh4 32. c4 e4 33. Qe3 f5 34. c5 Qf6 35. Qc3 Ra8 36. Nxf5+ gxf5 37. Rg1+ 1-0

[Event "GER-ch Youth-U14w 2022"]
[Site "Willingen"]
[Date "2022.06.10"]
[Round "8.5"]
[White "Margaryan, Venera"]
[Black "Jacobasch, Ronja"]
[Result "1-0"]
[ECO "B08"]
[WhiteElo "1477"]
[BlackElo "1441"]
[Annotator "NA RC COMBH"]
[PlyCount "207"]
[EventDate "2022.06.05"]
[EventType "swiss"]
[EventRounds "9"]
[EventCountry "GER"]
[SourceTitle "playchess.com"]
[Source "ChessBase"]
[SourceQuality "1"]
[TimeControl "40/4500+30:900+30"]

1. d4 Nf6 2. Nf3 g6 3. Nc3 Bg7 4. e4 d6 5. Be2 O-O 6. Be3 Nbd7 7. Qd2 Ng4 8. Bf4 e5 9. Bg5 f6 10. Bc4+ Kh8 11. Be3 Nxe3 12. Qxe3 Re8 13. h4 Nb6 14. Bf7 Re7 15. Bb3 Be6 16. Bxe6 Rxe6 17. d5 Re7 18. O-O-O Qf8 19. Kb1 Rb8 20. h5 Bh6 21. Qe2 g5 22. Nh2 Rf7 23. Ng4 a6 24. Qd3 Nd7 25. Ne2 Nc5 26. Qe3 f5 27. exf5 Rxf5 28. Ng3 Rf4 29. f3 Nd7 30. Ne4 Re8 31. Rh3 Rf5 32. Rg3 b6 33. Nxh6 Qxh6 34. Nxg5 Qxh5 35. Ne6 Re7 36. Nxc7 Nc5 37. Na8 Rb7 38. b4 Nd7 39. Qc3 Qe8 40. Nc7 Qc8 41. Qd3 Rf4 42. Nxa6 Nf6 43. b5 Rd4 44. Qf1 Rxd1+ 45. Qxd1 Qc4 46. Qd3 Qxd3 47. cxd3 Nxd5 48. Kc2 Ne3+ 49. Kc1 Rg7 50. Rxg7 Kxg7 51. g4 Nd5 52. Kd2 Kf6 53. a3 Kg5 54. Nb4 Nf4 55. Ke3 Kf6 56. Ke4 Ke6 57. d4 d5+ 58. Ke3 Ng2+ 59. Kf2 Nf4 60. dxe5 Kxe5 61. Nc6+ Kd6 62. Ke3 Ne6 63. Nd4 Nc7 64. f4 Ne8 65. Nc6 Kc5 66. Nd4 Nf6 67. g5 Ng4+ 68. Kd3 Nf2+ 69. Ke3 Ng4+ 70. Kd3 Nf2+ 71. Ke2 Ne4 72. Ke3 Nd6 73. f5 Ne4 74. g6 hxg6 75. fxg6 Nf6 76. g7 Ng8 77. a4 Kb4 78. Ne6 Kxa4 79. Nc7 Kb4 80. Kd4 Ka4 81. Kxd5 Ne7+ 82. Ke6 Ng8 83. Kf7 Nh6+ 84. Kf8 Kb4 85. g8=Q Nxg8 86. Kxg8 Kc5 87. Kf7 Kd6 88. Na6 Kd7 89. Kf8 Kd8 90. Nb4 Kd7 91. Nd5 Kd6 92. Nc3 Kd7 93. Na4 Kd6 94. Ke8 Kc7 95. Ke7 Kb7 96. Kd7 Ka7 97. Kc7 Ka8 98. Kxb6 Kb8 99. Nc3 Ka8 100. Kc7 Ka7 101. b6+ Ka6 102. b7 Ka5 103. b8=Q Ka6 104. Qb6# 1-0

[Event "GER-ch Youth-U14w 2022"]
[Site "Willingen"]
[Date "2022.06.10"]
[Round "8.6"]
[White "Haug, Mara"]
[Black "Ottlik, Marie"]
[Result "1/2-1/2"]
[ECO "B99"]
[WhiteElo "1394"]
[BlackElo "1442"]
[Annotator "NA RC COMBH"]
[PlyCount "62"]
[EventDate "2022.06.05"]
[EventType "swiss"]
[EventRounds "9"]
[EventCountry "GER"]
[SourceTitle "playchess.com"]
[Source "ChessBase"]
[SourceQuality "1"]
[TimeControl "40/4500+30:900+30"]

1. e4 c5 2. Nf3 d6 3. d4 cxd4 4. Nxd4 Nf6 5. Nc3 a6 6. Bg5 e6 7. f4 Nbd7 8. Qf3 Be7 9. O-O-O Qc7 10. g4 b5 11. Bxf6 Nxf6 12. g5 Nd7 13. h4 Bb7 14. Bd3 Nc5 15. f5 Nxd3+ 16. Qxd3 e5 17. Nde2 Rc8 18. Rd2 Qc4 19. Ng3 b4 20. Qxc4 Rxc4 21. Nd5 Bxd5 22. Rxd5 Kd7 23. Rhd1 Rhc8 24. R1d2 f6 25. g6 h6 26. Ra5 R8c6 27. Re2 R4c5 28. Ra4 a5 29. Nf1 Bd8 30. Ne3 Bb6 31. Nd5 Rb5 1/2-1/2

[Event "GER-ch Youth-U14w 2022"]
[Site "Willingen"]
[Date "2022.06.10"]
[Round "8.7"]
[White "Stepanjan, Marianne"]
[Black "Fock, Madiha"]
[Result "1-0"]
[ECO "B92"]
[WhiteElo "1489"]
[BlackElo "1468"]
[Annotator "NA RC COMBH"]
[PlyCount "113"]
[EventDate "2022.06.05"]
[EventType "swiss"]
[EventRounds "9"]
[EventCountry "GER"]
[SourceTitle "playchess.com"]
[Source "ChessBase"]
[SourceQuality "1"]
[TimeControl "40/4500+30:900+30"]

1. e4 c5 2. Nf3 d6 3. d4 cxd4 4. Nxd4 Nf6 5. Nc3 a6 6. Be2 Qc7 7. O-O b5 8. a3 Bb7 9. Bd3 e6 10. f4 Nbd7 11. Bd2 Qb6 12. Be3 Be7 13. Nf5 Qa5 14. Nxg7+ Kf8 15. Nh5 b4 16. Nxf6 Nxf6 17. axb4 Qxb4 18. Qc1 Bc8 19. Nb5 d5 20. c3 Qb3 21. e5 Ne8 22. Ra5 Rb8 23. Bc2 Qc4 24. b3 Qc6 25. Na7 Qxc3 26. Ra2 Bb7 27. Qe1 Qxe1 28. Rxe1 h5 29. f5 Rg8 30. Bd3 Nc7 31. f6 Bb4 32. Rc1 Nb5 33. Nxb5 axb5 34. Bxb5 Ba8 35. Bc6 Bxc6 36. Rxc6 h4 37. h3 Rg3 38. Bf2 Rxb3 39. Bxh4 Re3 40. Rc7 Rxe5 41. Raa7 Ke8 42. Bg3 Rf5 43. Re7+ Bxe7 44. Rxe7+ Kd8 45. Bxb8 Rxf6 46. Ra7 Rf5 47. g4 Rf6 48. Bg3 Rh6 49. Kg2 Ke8 50. h4 f6 51. h5 f5 52. Bf4 Rf6 53. g5 Rf7 54. Ra8+ Ke7 55. Ra7+ Kf8 56. Rxf7+ Kxf7 57. Kf3 1-0

[Event "GER-ch Youth-U14w 2022"]
[Site "Willingen"]
[Date "2022.06.10"]
[Round "8.8"]
[White "Flierl, Veronika"]
[Black "Reich, Elisabeth"]
[Result "1/2-1/2"]
[ECO "B23"]
[WhiteElo "1427"]
[BlackElo "1457"]
[Annotator "NA RC COMBH"]
[PlyCount "82"]
[EventDate "2022.06.05"]
[EventType "swiss"]
[EventRounds "9"]
[EventCountry "GER"]
[SourceTitle "playchess.com"]
[Source "ChessBase"]
[SourceQuality "1"]
[TimeControl "40/4500+30:900+30"]

1. e4 c5 2. Nc3 Nc6 3. Nge2 e6 4. g3 Nf6 5. Bg2 d5 6. exd5 exd5 7. O-O Be7 8. d4 cxd4 9. Nxd4 Bb4 10. Nde2 Bxc3 11. Nxc3 Be6 12. Bg5 O-O 13. Rb1 h6 14. Bxf6 Qxf6 15. Nxd5 Bxd5 16. Qxd5 Rfd8 17. Qf3 Qg6 18. c3 Qe6 19. b3 Rd2 20. Ra1 Rad8 21. Rfe1 Qd6 22. b4 a6 23. Bf1 b5 24. Qf5 Rd5 25. Qe4 Qf6 26. Re3 Re5 27. Qf3 Rf5 28. Qe2 Nxb4 29. Re8+ Rxe8 30. Qxe8+ Kh7 31. Qe4 g6 32. Qxb4 Rxf2 33. Bg2 Rf5 34. Rd1 Qe6 35. Qb2 Qe3+ 36. Kh1 Rf2 37. Qb3 Qe2 38. a3 Kg7 39. Rg1 Rxg2 40. Rxg2 Qf1+ 41. Rg1 Qf3+ 1/2-1/2

[Event "GER-ch Youth-U14w 2022"]
[Site "Willingen"]
[Date "2022.06.10"]
[Round "8.9"]
[White "Mueller, Riyanna"]
[Black "Eichhorn, Mathilda"]
[Result "1-0"]
[ECO "C02"]
[WhiteElo "1521"]
[BlackElo "1330"]
[Annotator "NA RC COMBH"]
[PlyCount "49"]
[EventDate "2022.06.05"]
[EventType "swiss"]
[EventRounds "9"]
[EventCountry "GER"]
[SourceTitle "playchess.com"]
[Source "ChessBase"]
[SourceQuality "1"]
[TimeControl "40/4500+30:900+30"]

1. e4 e6 2. d4 d5 3. e5 c5 4. c3 Nc6 5. Nf3 Qb6 6. a3 f6 7. b4 c4 8. Be3 fxe5 9. Nxe5 Nf6 10. Nd2 Qc7 11. f4 Be7 12. Be2 O-O 13. O-O a6 14. Qe1 Nxe5 15. fxe5 Nd7 16. Qg3 g6 17. Qh3 Rxf1+ 18. Rxf1 Nf8 19. Qf3 g5 20. Bxg5 Ng6 21. Qf7+ Kh8 22. Bh6 Bd6 23. Qe8+ Bf8 24. Qxf8+ Nxf8 25. Rxf8# 1-0

[Event "GER-ch Youth-U14w 2022"]
[Site "Willingen"]
[Date "2022.06.10"]
[Round "8.10"]
[White "Hergenroeder, Cora"]
[Black "Göb, Franziska"]
[Result "1-0"]
[ECO "D30"]
[WhiteElo "1453"]
[BlackElo "1362"]
[Annotator "NA RC COMBH"]
[PlyCount "157"]
[EventDate "2022.06.05"]
[EventType "swiss"]
[EventRounds "9"]
[EventCountry "GER"]
[SourceTitle "playchess.com"]
[Source "ChessBase"]
[SourceQuality "1"]
[TimeControl "40/4500+30:900+30"]

1. d4 d5 2. c4 e6 3. cxd5 exd5 4. Nc3 c6 5. Nf3 Bf5 6. Bf4 Bd6 7. Bg3 Bxg3 8. hxg3 Nd7 9. e3 h6 10. Bd3 Bxd3 11. Qxd3 Ngf6 12. Rb1 a5 13. Na4 O-O 14. O-O Re8 15. Rfc1 Ne4 16. Nd2 f5 17. Nb3 b5 18. Nc3 a4 19. Nd2 Rc8 20. Ndxe4 fxe4 21. Qd2 Qf6 22. Rc2 Nb6 23. b3 axb3 24. axb3 Rf8 25. Rbc1 Qg6 26. Nd1 Nd7 27. Nc3 Nb6 28. Nd1 Nd7 29. Qa5 Ra8 30. Qb4 Rac8 31. Nc3 Rb8 32. Ne2 Rb6 33. Qa3 Nb8 34. Ra1 Ra6 35. Qb2 Rxa1+ 36. Qxa1 Qf6 37. Nc3 h5 38. Qd1 h4 39. Qg4 hxg3 40. Qxg3 Qh6 41. Ra2 Nd7 42. Qh2 Qxh2+ 43. Kxh2 Rf6 44. Kg1 g5 45. Ra7 Rf7 46. Na2 Nb8 47. Ra8 Rf8 48. Nb4 Kg7 49. Ra7+ Rf7 50. Rxf7+ Kxf7 51. Kh2 Kf6 52. Kg3 Kf5 53. Kh3 Kf6 54. f3 Kf5 55. Kg3 Ke6 56. fxe4 dxe4 57. Kg4 Kf6 58. Kh5 Kf5 59. g4+ Kf6 60. Kh6 Nd7 61. Nxc6 Nb6 62. Nb4 Nc8 63. Nd5+ Ke6 64. Nc3 Nd6 65. Kxg5 b4 66. Na4 Kf7 67. Nc5 Kg7 68. Kf4 Kg6 69. Nxe4 Nb5 70. Nc5 Nc3 71. Nd3 Nd5+ 72. Kf3 Kg5 73. Ke4 Nc3+ 74. Ke5 Kxg4 75. Nxb4 Kf3 76. d5 Kxe3 77. d6 Nb5 78. d7 Nd6 79. Kxd6 1-0

[Event "GER-ch Youth-U14w 2022"]
[Site "Willingen"]
[Date "2022.06.10"]
[Round "8.11"]
[White "Heuberger, Sandra"]
[Black "Bursan, Ana-Maria"]
[Result "0-1"]
[ECO "D10"]
[WhiteElo "1101"]
[BlackElo "1329"]
[Annotator "NA RC COMBH"]
[PlyCount "130"]
[EventDate "2022.06.05"]
[EventType "swiss"]
[EventRounds "9"]
[EventCountry "GER"]
[SourceTitle "playchess.com"]
[Source "ChessBase"]
[SourceQuality "1"]
[TimeControl "40/4500+30:900+30"]

1. d4 d5 2. c4 c6 3. e3 Nf6 4. Nc3 Bf5 5. Nf3 e6 6. cxd5 exd5 7. Bd3 Bg4 8. O-O Bd6 9. e4 dxe4 10. Nxe4 Nxe4 11. Bxe4 O-O 12. Qb3 Qc7 13. h3 Bh5 14. Re1 Nd7 15. Bd2 Nf6 16. Bc2 Rad8 17. Rac1 Bxf3 18. Qxf3 Bh2+ 19. Kh1 Rxd4 20. Be3 Rd5 21. Bb3 Rh5 22. Bd4 Rh6 23. Bxf6 Rxf6 24. Qe3 Bf4 25. Qxa7 Bxc1 26. Rxc1 h6 27. Kg1 Qf4 28. Rd1 Re8 29. Bc2 Rfe6 30. Rf1 Re1 31. Bd3 Qd2 32. Qa3 Rxf1+ 33. Bxf1 Re1 34. Qf3 Qd1 35. Qxd1 Rxd1 36. g3 Rd2 37. b3 Rxa2 38. Bd3 Kf8 39. Kg2 Rd2 40. Be4 Rb2 41. Kf3 Rxb3+ 42. Ke2 Rb2+ 43. Ke3 Ke7 44. h4 Kd6 45. f3 b5 46. Kd3 h5 47. g4 Rh2 48. g5 Rxh4 49. Kc3 Rh3 50. Kb4 Rg3 51. g6 fxg6 52. Ka5 h4 53. Kb6 h3 54. Bxc6 h2 55. f4 b4 56. Kb5 b3 57. Be4 b2 58. Kb4 Rg1 59. Kc3 h1=Q 60. Bxh1 b1=Q 61. Ba8 Rc1+ 62. Kd4 Qb4+ 63. Ke3 Rc3+ 64. Kf2 Qb2+ 65. Ke1 Rc1# 0-1

[Event "GER-ch Youth-U14w 2022"]
[Site "Willingen"]
[Date "2022.06.10"]
[Round "8.12"]
[White "Steinlechner, Katja"]
[Black "Margaryan, Sofia"]
[Result "1/2-1/2"]
[ECO "D02"]
[WhiteElo "1317"]
[BlackElo "1181"]
[Annotator "NA RC COMBH"]
[PlyCount "42"]
[EventDate "2022.06.05"]
[EventType "swiss"]
[EventRounds "9"]
[EventCountry "GER"]
[SourceTitle "playchess.com"]
[Source "ChessBase"]
[SourceQuality "1"]
[TimeControl "40/4500+30:900+30"]

1. d4 d5 2. Nf3 Bf5 3. g3 e6 4. Bg2 Nf6 5. O-O Bd6 6. c4 O-O 7. Nc3 c6 8. Nh4 Bg6 9. Nxg6 hxg6 10. cxd5 cxd5 11. Bg5 Nc6 12. Rc1 Qb6 13. Bxf6 gxf6 14. e3 Qxb2 15. Rc2 Qb6 16. Qb1 Qxb1 17. Rxb1 Rab8 18. Rcb2 b6 19. a4 f5 20. Bf1 Rb7 21. Ba6 Rbb8 1/2-1/2

[Event "GER-ch Youth-U14w 2022"]
[Site "Willingen"]
[Date "2022.06.10"]
[Round "8.13"]
[White "Modali, Nikhilamrutha"]
[Black "Lorenz, Rebecca"]
[Result "1-0"]
[ECO "C42"]
[WhiteElo "1262"]
[BlackElo "733"]
[Annotator "NA RC COMBH"]
[PlyCount "45"]
[EventDate "2022.06.05"]
[EventType "swiss"]
[EventRounds "9"]
[EventCountry "GER"]
[SourceTitle "playchess.com"]
[Source "ChessBase"]
[SourceQuality "1"]
[TimeControl "40/4500+30:900+30"]

1. e4 e5 2. Nf3 Nf6 3. Nxe5 Nc6 4. Nxc6 dxc6 5. Bc4 Bc5 6. O-O h5 7. e5 Bf5 8. exf6 Qxf6 9. Qe2+ Kd8 10. d3 Bd6 11. Nc3 Qh4 12. g3 Qh3 13. Qf3 h4 14. Qg2 Qg4 15. gxh4 Qxh4 16. Bg5+ Qxg5 17. Qxg5+ f6 18. Qxf5 Bxh2+ 19. Kg2 b5 20. Be6 Rb8 21. Qg6 Ke7 22. Qf7+ Kd8 23. Qd7# 1-0

[Event "GER-ch Youth-U14w 2022"]
[Site "Willingen"]
[Date "2022.06.10"]
[Round "8.14"]
[White "Hoffmann, Sophia"]
[Black "Marrufo, Emilia"]
[Result "1-0"]
[ECO "D02"]
[WhiteElo "1289"]
[BlackElo "998"]
[Annotator "NA RC COMBH"]
[PlyCount "92"]
[EventDate "2022.06.05"]
[EventType "swiss"]
[EventRounds "9"]
[EventCountry "GER"]
[SourceTitle "playchess.com"]
[Source "ChessBase"]
[SourceQuality "1"]
[TimeControl "40/4500+30:900+30"]

1. d4 d5 2. Bf4 Nf6 3. Nf3 Bg4 4. e3 e6 5. c4 c5 6. Qb3 Qb6 7. Qxb6 axb6 8. Nc3 Nc6 9. Nb5 Rc8 10. a3 Be7 11. Be2 O-O 12. O-O Ne4 13. Rfd1 Rfd8 14. Rac1 Bd6 15. Nxd6 Nxd6 16. cxd5 exd5 17. dxc5 bxc5 18. Rxc5 Ne4 19. Rcxd5 Rxd5 20. Rxd5 Rd8 21. Rxd8+ Nxd8 22. Nd4 Bxe2 23. Nxe2 Ne6 24. Be5 N6c5 25. Nf4 f6 26. Bd4 Nb3 27. Kf1 Nxd4 28. exd4 Nd2+ 29. Ke2 Nc4 30. Nd3 Kf7 31. Kf3 Ke6 32. Nc5+ Kd5 33. Nxb7 Kxd4 34. a4 Kd5 35. b4 Kc6 36. Na5+ Nxa5 37. bxa5 Kb7 38. Ke4 Ka6 39. Kf5 Kxa5 40. Ke6 Kxa4 41. Kf7 Kb3 42. Kxg7 Kc2 43. Kxf6 Kd2 44. Kg7 Ke2 45. Kxh7 Kxf2 46. g4 Ke2 1-0

[Event "GER-ch Youth-U14w 2022"]
[Site "Willingen"]
[Date "2022.06.10"]
[Round "8.15"]
[White "Brandt, Greta"]
[Black "Funke, Luise"]
[Result "1-0"]
[ECO "A13"]
[WhiteElo "1458"]
[BlackElo "970"]
[Annotator "NA RC COMBH"]
[PlyCount "101"]
[EventDate "2022.06.05"]
[EventType "swiss"]
[EventRounds "9"]
[EventCountry "GER"]
[SourceTitle "playchess.com"]
[Source "ChessBase"]
[SourceQuality "1"]
[TimeControl "40/4500+30:900+30"]

1. c4 e6 2. Nc3 d5 3. cxd5 exd5 4. d4 Nf6 5. Bf4 Be7 6. e3 O-O 7. Bd3 c5 8. dxc5 Bxc5 9. Nge2 Nc6 10. a3 d4 11. exd4 Bxd4 12. O-O Bg4 13. Qc2 Be5 14. Be3 Re8 15. Rad1 Qc7 16. f4 Bd6 17. Nb5 Qe7 18. Nxd6 Qxe3+ 19. Rf2 Re7 20. Nxb7 Nd4 21. Nxd4 Bxd1 22. Qxd1 Rxb7 23. Nf5 Qe6 24. Re2 Qb6+ 25. Kh1 Ng4 26. Be4 Rd8 27. Qe1 Rbb8 28. h3 Nf6 29. Qg3 g6 30. Nh6+ Kf8 31. Qf3 Rd1+ 32. Kh2 Qg1+ 33. Kg3 Nh5+ 34. Kh4 Qb6 35. g4 Qf6+ 36. g5 Qxf4+ 37. Qxf4 Nxf4 38. Rf2 Nd3 39. Rxf7+ Ke8 40. Bc6+ Kd8 41. Rxa7 Ne5 42. Nf7+ Nxf7 43. Rxf7 Rd4+ 44. Kg3 Rb3+ 45. Bf3 h5 46. gxh6 Rd1 47. h7 Kc8 48. h8=Q+ Rd8 49. Qh4 Rxb2 50. Qc4+ Kb8 51. Qc7# 1-0

[Event "GER-ch Youth-U14w 2022"]
[Site "Willingen"]
[Date "2022.06.11"]
[Round "9.1"]
[White "Peglau, Dora"]
[Black "Englert, Lin"]
[Result "1/2-1/2"]
[ECO "B38"]
[WhiteElo "2008"]
[BlackElo "1503"]
[Annotator "TA"]
[PlyCount "44"]
[EventDate "2022.06.05"]
[EventType "swiss"]
[EventRounds "9"]
[EventCountry "GER"]
[SourceTitle "playchess.com"]
[Source "ChessBase"]
[SourceQuality "1"]
[TimeControl "40/4500+30:900+30"]

1. e4 c5 2. Nf3 Nc6 3. d4 cxd4 4. Nxd4 g6 5. c4 Bg7 6. Be3 Nf6 7. Nc3 d6 8. f3 O-O 9. Be2 Nxd4 10. Bxd4 Bd7 11. O-O Bc6 12. Qd2 Nd7 13. Rfd1 {[%emt 0:00:00] B38: Sicilian: Maroczy Bind with 5...Bg7 and 7...0-0.} Bxd4+ 14. Qxd4 Qb6 15. Qxb6 {[%emt 0:00:00] White has an edge.} Nxb6 16. Nd5 {[%emt 0:00:00] [#]} Nxd5 $146 ({Predecessor:} 16... Bxd5 17. exd5 Rfc8 18. b3 Nd7 19. f4 Nc5 20. Re1 Rc7 21. Bf1 Re8 22. Re3 f5 {½-½ (52) Blesa Puig,P (1705)-Garcia Gil,O (1610) Llinars del Valles 2018}) 17. cxd5 Bd7 18. Rac1 Rac8 {[%emt 0:00:17] Prevents Rc7.} 19. Kf2 Rxc1 {[%emt 0:01:23] The position is equal.} 20. Rxc1 {[%emt 0:00:00] [#] Black must now prevent Rc7.} Rc8 {[%emt 0:00:04] Prevents Rc7.} 21. Rxc8+ Bxc8 22. Ke3 Bd7 {[%emt 0:00:43] Weighted Error Value: White=0.10 (very precise) /Black=0.05 (flawless)} 1/2-1/2

[Event "GER-ch Youth-U14w 2022"]
[Site "Willingen"]
[Date "2022.06.11"]
[Round "9.2"]
[White "Trunz, Michelle"]
[Black "Lorenz, Veronika"]
[Result "1/2-1/2"]
[ECO "E71"]
[WhiteElo "1708"]
[BlackElo "1510"]
[Annotator "NA RC COMBH"]
[PlyCount "90"]
[EventDate "2022.06.05"]
[EventType "swiss"]
[EventRounds "9"]
[EventCountry "GER"]
[SourceTitle "playchess.com"]
[Source "ChessBase"]
[SourceQuality "1"]
[TimeControl "40/4500+30:900+30"]

1. d4 Nf6 2. c4 g6 3. Nc3 Bg7 4. e4 d6 5. h3 O-O 6. Nf3 Na6 7. Bg5 c5 8. Be3 b6 9. Rc1 Bb7 10. Bd3 Rc8 11. a3 e6 12. O-O d5 13. cxd5 c4 14. Be2 exd5 15. exd5 Nxd5 16. Nxd5 Qxd5 17. a4 Nb4 18. Qd2 a5 19. Rfd1 Na2 20. Rc2 Nb4 21. Rc3 Na2 22. Ra3 Nb4 23. Ne1 Rfd8 24. Bf3 Qd7 25. Bg4 f5 26. Bf3 Bxf3 27. Nxf3 Nd3 28. b3 Nb4 29. bxc4 Rxc4 30. Rc3 Rxc3 31. Qxc3 Qxa4 32. Qc4+ Kh8 33. Rc1 Qe8 34. Ng5 Nd5 35. Re1 Qd7 36. Bd2 Rc8 37. Qd3 Re8 38. Rxe8+ Qxe8 39. Qa6 h6 40. Qb7 hxg5 41. Qxd5 Bf6 42. Qc4 b5 43. Qd3 a4 44. d5 f4 45. d6 Kh7 1/2-1/2

[Event "GER-ch Youth-U14w 2022"]
[Site "Willingen"]
[Date "2022.06.11"]
[Round "9.3"]
[White "Bezsonna, Polina"]
[Black "Braeutigam, Katerina"]
[Result "1/2-1/2"]
[ECO "C44"]
[WhiteElo "1511"]
[BlackElo "1860"]
[Annotator "NA RC COMBH"]
[PlyCount "82"]
[EventDate "2022.06.05"]
[EventType "swiss"]
[EventRounds "9"]
[EventCountry "GER"]
[SourceTitle "playchess.com"]
[Source "ChessBase"]
[SourceQuality "1"]
[TimeControl "40/4500+30:900+30"]

1. e4 e5 2. Nf3 Nc6 3. d4 exd4 4. Bc4 Bc5 5. O-O d6 6. h3 Nge7 7. Nbd2 Ng6 8. Nb3 Nge5 9. Bb5 O-O 10. Nfxd4 Nxd4 11. Nxd4 {[%emt 0:00:11] [#]} Qf6 (11... Bxh3 $1 $17 12. c3 (12. gxh3 Bxd4 13. Kg2 Bb6 $17) 12... Be6) 12. Ne2 Qg6 (12... c6 $17 13. Ba4 a5) 13. Bd3 Qh5 14. Nf4 Qh4 15. Qh5 $15 Qxh5 16. Nxh5 Nxd3 17. cxd3 f5 18. Bd2 fxe4 19. dxe4 Bd7 20. a4 Bc6 21. Bc3 a6 22. Nxg7 Kf7 23. Rfe1 Rg8 24. Nf5 Rg6 25. Nd4 Rag8 26. g3 Bd7 27. Kh2 Rh6 28. h4 Rf6 29. Re2 Bg4 30. Rd2 Re8 31. Re1 Kg8 32. f4 Bxd4 33. Bxd4 Rfe6 34. e5 dxe5 35. Bxe5 R6e7 36. Rc1 c6 37. Rc4 h5 38. Rcd4 Kf7 39. a5 Be6 40. b4 Kg6 41. Kg2 Bg4 1/2-1/2

[Event "GER-ch Youth-U14w 2022"]
[Site "Willingen"]
[Date "2022.06.11"]
[Round "9.4"]
[White "Wartenberg, Alissa"]
[Black "Stepanjan, Marianne"]
[Result "0-1"]
[ECO "B90"]
[WhiteElo "1741"]
[BlackElo "1489"]
[Annotator "NA RC COMBH"]
[PlyCount "164"]
[EventDate "2022.06.05"]
[EventType "swiss"]
[EventRounds "9"]
[EventCountry "GER"]
[SourceTitle "playchess.com"]
[Source "ChessBase"]
[SourceQuality "1"]
[TimeControl "40/4500+30:900+30"]

1. e4 c5 2. Nf3 d6 3. d4 cxd4 4. Nxd4 Nf6 5. Nc3 a6 6. Bc4 e6 7. Be3 Be7 8. Qe2 O-O 9. O-O-O Re8 10. g4 b5 11. Bd3 Bb7 12. g5 Nfd7 13. Rhg1 Nc5 14. Qg4 b4 15. Nce2 Nbd7 16. h4 Ne5 17. Qg2 Rc8 18. Kb1 Nexd3 19. cxd3 a5 20. h5 a4 21. g6 fxg6 22. hxg6 h6 23. Qh3 Bf6 24. Rg3 Ba6 25. Nc1 a3 26. b3 Qc7 27. Bxh6 gxh6 28. Qxh6 Bxd4 29. Rh1 Qg7 30. Qh7+ Qxh7 31. gxh7+ Kf7 32. Rf3+ Ke7 33. Ne2 Bh8 34. Nf4 Rf8 35. Ng6+ Kd7 36. Rxf8 Bxd3+ 37. Kc1 Rxf8 38. Nxf8+ Kc6 39. f3 Be2 40. Rh3 d5 41. exd5+ exd5 42. Ng6 Bb2+ 43. Kd2 Bd3 44. Nf4 Bc3+ 45. Ke3 Bb1 46. Ne2 Bh8 47. Nc1 d4+ 48. Kf4 Ne6+ 49. Kg4 Nf8 50. Rh6+ Kd5 51. Ra6 Nxh7 52. Ra5+ Kc6 53. Ra6+ Kb5 54. Ra8 Bf6 55. Rb8+ Kc5 56. Rc8+ Kd5 57. f4 d3 58. Rc7 Nf8 59. Nxd3 Bxd3 60. Rc1 Bc3 61. f5 Ke5 62. f6 Kxf6 63. Kf3 Ne6 64. Ke3 Nc5 65. Rh1 Bg6 66. Rf1+ Ke5 67. Rh1 Nxb3 68. axb3 a2 69. Ke2 a1=Q 70. Rxa1 Bxa1 71. Kd2 Bb2 72. Ke3 Bc2 73. Ke2 Bc3 74. Ke3 Bxb3 75. Kd3 Kd5 76. Ke2 Bc2 77. Ke3 b3 78. Ke2 b2 79. Kf3 b1=Q 80. Kg4 Qf1 81. Kg5 Qf5+ 82. Kh6 Qg6# 0-1

[Event "GER-ch Youth-U14w 2022"]
[Site "Willingen"]
[Date "2022.06.11"]
[Round "9.6"]
[White "Mueller, Riyanna"]
[Black "Haug, Mara"]
[Result "0-1"]
[ECO "C47"]
[WhiteElo "1521"]
[BlackElo "1394"]
[Annotator "NA RC COMBH"]
[PlyCount "68"]
[EventDate "2022.06.05"]
[EventType "swiss"]
[EventRounds "9"]
[EventCountry "GER"]
[SourceTitle "playchess.com"]
[Source "ChessBase"]
[SourceQuality "1"]
[TimeControl "40/4500+30:900+30"]

1. e4 e5 2. Nf3 Nc6 3. Nc3 Nf6 4. a3 a6 5. d4 exd4 6. Nxd4 Bc5 7. Be3 Ba7 8. Bc4 d6 9. Ba2 O-O 10. f3 Re8 11. Qd2 Nxd4 12. Bxd4 Bxd4 13. Qxd4 Be6 14. Bxe6 fxe6 15. O-O-O Nd7 16. Kb1 Nb6 17. h4 Qf6 18. Qd3 Rf8 19. h5 h6 20. Rh3 Nd7 21. Ne2 Nc5 22. Qe3 Qe5 23. Rdh1 b6 24. Rg3 Kh7 25. Rh4 Rf7 26. Rg6 Rf6 27. Rg3 d5 28. Rgg4 dxe4 29. Nc3 Rd8 30. Nxe4 Nxe4 31. Rxe4 Rd1+ 32. Ka2 Qd5+ 33. b3 Qd2 34. Qe2 Qc1 0-1

[Event "GER-ch Youth-U14w 2022"]
[Site "Willingen"]
[Date "2022.06.11"]
[Round "9.7"]
[White "Jacobasch, Ronja"]
[Black "Hergenroeder, Cora"]
[Result "1/2-1/2"]
[ECO "A06"]
[WhiteElo "1441"]
[BlackElo "1453"]
[Annotator "NA RC COMBH"]
[PlyCount "76"]
[EventDate "2022.06.05"]
[EventType "swiss"]
[EventRounds "9"]
[EventCountry "GER"]
[SourceTitle "playchess.com"]
[Source "ChessBase"]
[SourceQuality "1"]
[TimeControl "40/4500+30:900+30"]

1. Nf3 d5 2. g3 Nf6 3. Bg2 e6 4. c4 b6 5. O-O Bb7 6. d3 Be7 7. Nbd2 O-O 8. a3 c5 9. b3 Re8 10. Bb2 Nbd7 11. Rb1 Rc8 12. Ba1 h6 13. b4 cxb4 14. axb4 Nh7 15. Bd4 dxc4 16. Nxc4 Bd5 17. Ne3 Ba8 18. Qb3 Bf6 19. Bxf6 Ndxf6 20. Ra1 Rc7 21. Ra3 Nd5 22. Nxd5 Bxd5 23. Qb2 Qa8 24. Rfa1 Ng5 25. e4 Nxf3+ 26. Bxf3 Bc6 27. b5 Bd7 28. Bg2 Re7 29. Bf1 Be8 30. f3 Qd8 31. d4 Red7 32. Rd1 Rb7 33. Kg2 Rbc7 34. Ra4 Qc8 35. Bd3 Qd8 36. Rc4 Rxc4 37. Bxc4 Rc7 38. Bd3 Rd7 1/2-1/2

[Event "GER-ch Youth-U14w 2022"]
[Site "Willingen"]
[Date "2022.06.11"]
[Round "9.8"]
[White "Müller, Cosima"]
[Black "Reich, Elisabeth"]
[Result "0-1"]
[ECO "B33"]
[WhiteElo "1389"]
[BlackElo "1457"]
[Annotator "NA RC COMBH"]
[PlyCount "112"]
[EventDate "2022.06.05"]
[EventType "swiss"]
[EventRounds "9"]
[EventCountry "GER"]
[SourceTitle "playchess.com"]
[Source "ChessBase"]
[SourceQuality "1"]
[TimeControl "40/4500+30:900+30"]

1. e4 c5 2. Nf3 Nc6 3. d4 cxd4 4. Nxd4 Nf6 5. Nc3 e6 6. Bg5 Bb4 7. Nde2 h6 8. Bxf6 Qxf6 9. Qd2 b6 10. a3 Bxc3 11. Nxc3 O-O 12. O-O-O a6 13. h4 b5 14. Na2 Rd8 15. g4 Qf3 16. Bd3 Ne5 17. Rdg1 Nxd3+ 18. Qxd3 Qxd3 19. cxd3 Bb7 20. Rh3 Kf8 21. f4 d5 22. Re3 dxe4 23. dxe4 Rac8+ 24. Kb1 Rd2 25. Nc3 Rh2 26. h5 Rd8 27. Rge1 Rg2 28. g5 hxg5 29. fxg5 Rxg5 30. Rh3 Rd4 31. Kc2 Rg4 32. e5 Rh4 33. Rxh4 Rxh4 34. Kb3 Rxh5 35. Kb4 Ke7 36. Ka5 Rh2 37. Kb6 Bc8 38. Rc1 Rxb2 39. Ne4 Bd7 40. Rc7 f5 41. Nc5 Rd2 42. Kxa6 f4 43. Nxd7 Rxd7 44. Rc2 Rd5 45. Rf2 g5 46. Re2 f3 47. Re3 g4 48. Re4 f2 49. Rxg4 f1=Q 50. Rg7+ Kf8 51. Rb7 b4+ 52. Ka7 bxa3 53. Rb8+ Ke7 54. Kb7 Qb5+ 55. Kc7 Rd7+ 56. Kc8 Qc6# 0-1